 Dungeon Crawl Stone Soup version 0.31-a0-435-g2c6fae2916 (webtiles) character file.

Game seed: 9312710458890430848

3179 Xavori the Carver (level 10, -11/70 HPs)
             Began as a Djinni Chaos Knight on Aug 2, 2023.
             Was a Plaything of Xom.
             Mangled by a wight
             ... wielding a +5 great sword
              (18 damage)
             ... on level 7 of the Dungeon.
             The game lasted 00:09:12 (16617 turns).

Xavori the Carver (Djinni Chaos Knight)            Turns: 16617, Time: 00:09:14

Health: -11/70     AC: 13    Str: 18    XL:     10   Next: 16%
Gold:   705        EV: 14    Int: 12    God:    Xom [.....*] SH:  0 Dex: 16

rFire   + + .        a - +0 falchion (freeze)
rCold   x . .        q - +0 buckler
rNeg    . . .        b - +2 leather armour
rPois   ∞            k - +0 helmet
rElec   .            p - +2 cloak
rCorr   .            n - +0 pair of gloves
SInv    .            (boots unavailable)
Will    ++...        (no amulet)
Stlth   +            (no ring)
HPRegen 0.31/turn    (no ring)
MPRegen 0.00/turn

%: infuse magic (-12 HP)
@: confused, ambrosia-drunk, flying, invisible, unable to read
A: sickness immunity, fire resistance 2, cold vulnerability 1, float, innate
caster, HP casting, extra vitality 1, iridescent scales 1, large bone plates 1,
agile 1, strong-willed 1, screaming 1, strong 1, subdued magic 1, inability to
read after injury 1, noise suppression
a: Renounce Religion


You were on level 7 of the Dungeon.
You worshipped Xom.
You were Xom's teddy bear.
You visited 1 branch of the dungeon, and saw 7 of its levels.
You also visited: Ossuary.

You collected 705 gold pieces.

Inventory:

Hand Weapons
 a - a +0 falchion of freezing (weapon)
Armour
 b - a +2 leather armour (worn)
 k - a +0 helmet (worn)
 n - a +0 pair of gloves (worn)
 p - a +2 cloak (worn)
 q - a +0 buckler (worn)
Wands
 t - a wand of flame (20)
 v - a wand of quicksilver (7)
 w - a wand of charming (14)
 y - a wand of polymorph (15)
Scrolls
 c - a scroll of butterflies
 e - a scroll of blinking
 g - a scroll of fear
 i - 5 scrolls of identify
 l - a scroll of enchant weapon
 r - a scroll of enchant armour
 u - 3 scrolls of teleportation
 D - a scroll of poison
 E - a scroll of brand weapon
Potions
 d - a potion of haste
 f - 10 potions of curing
 h - 2 potions of mutation {unknown}
 j - 3 potions of degeneration {unknown}
 m - 2 potions of heal wounds {unknown}
 o - 2 potions of attraction {unknown}
 s - a potion of berserk rage {unknown}
 x - a potion of lignification {unknown}
 z - a potion of invisibility
 A - 2 potions of brilliance {unknown}
 B - a potion of ambrosia
 C - a potion of cancellation {unknown}


   Skills:
 + Level 5.4 Fighting
 + Level 8.1 Long Blades
 + Level 4.1 Armour
 + Level 5.6 Dodging
 + Level 2.8 Stealth
 + Level 3.8 Shields
 * Level 3.4 Spellcasting
 * Level 3.4 Conjurations
 * Level 3.4 Hexes
 * Level 3.4 Summonings
 * Level 3.4 Necromancy
 * Level 3.4 Translocations
 * Level 3.4 Transmutations
 * Level 3.4 Fire Magic
 * Level 3.4 Ice Magic
 * Level 3.4 Air Magic
 * Level 3.4 Earth Magic
 * Level 3.4 Poison Magic


You knew the following spells:

 Your Spells              Type           Power      Damage    Failure   Level
a - Sting                 Tmut/Pois      28%        1d4       7%          1
b - Blink                 Tloc           14%        N/A       11%         2
c - Vhi's Electric Charg  Tloc/Air       14%        N/A       22%         3
d - Confusing Touch       Hex            7%         N/A       22%         3
Your spell library was empty.

Dungeon Overview and Level Annotations

Branches:
Dungeon (7/15)             Temple (0/1) D:4         Ossuary (visited)

Altars:
Elyvilon
Makhleb
Nemelex Xobeh
Ru
Uskayaw
Yredelemnul
The Shining One

Shops:
D:1 [*[


Innate Abilities, Weirdness & Mutations

You are immune to sickness and miasma.
You are immune to poison.
Your flesh is very heat resistant. (rF++)
You are vulnerable to cold. (rC-)
You float through the air rather than walking.
You learn spells naturally, not from books.
Your magical power is your life essence.
You have superior vitality. (+4 MHP)
You are partially covered in iridescent scales. (AC +2)
You are partially covered in large bone plates. (SH +4)
You are agile. (Dex +4, Str/Int -1)
You are strong-willed. (Will+)
You occasionally shout uncontrollably at your foes.
Your muscles are strong. (Str +4, Int/Dex -1)
Your spells are a little easier to cast, but a little less powerful.
You occasionally lose the ability to read scrolls when taking damage.
You passively dampen the noise of your surroundings.


Message History

The wight is heavily damaged.
The wight misses you. x2; The wight hits you with a +2 mace.
You hit the wight.
The wight is almost destroyed.
The wight closely misses you. The wight hits you with a +2 scimitar.
The wight closely misses you.
You hit the wight but do no damage.
The wight is almost destroyed.
You block the wight's attack. The wight hits you with a +2 scimitar.
* * * LOW HITPOINT WARNING * * *
The wight hits you but does no damage.
You hit the wight but do no damage.
The wight is almost destroyed.
You block the wight's attack. The wight closely misses you.
The wight hits you but does no damage.
You hit the wight but do no damage.
The wight is almost destroyed.
You block the wight's attack. x2; The wight closely misses you.
Unknown command.
You hit the wight.
The wight is almost destroyed.
The wight hits you with a +5 great sword!
* * * LOW HITPOINT WARNING * * *
The wight hits you with a +2 scimitar.
* * * LOW HITPOINT WARNING * * *
The wight hits you with a +2 mace!
* * * LOW HITPOINT WARNING * * *
Xom roars with laughter!
Okay, then.
You cannot read scrolls in your current state!
It was a potion of invisibility.
You fade into invisibility!
The wight closely misses you. x2; The wight completely misses you.
It was a potion of ambrosia.
You are confused.
You feel invigorated.
Xom roars with laughter!
The wight hits you with a +5 great sword!!
You die...
Xom howls with laughter!

## #.# #..# #.# .#
#.# .......#..# #.#
##..
.......#..########.#
.#.#.
.......#(..........#
#... .
.......##.##########
..##.# ...(... #.#
.....# ....... #.#
###... .......##z#
.....# ......zzz@#
#### .......##z# .#
..........# .#
###..####$. .######
#.. ###. ......# #.
.. .[....# # ..
.<....# ... ......#
..#


You could see 5 wights.

Vanquished Creatures
  Sigmund (D:2)
  4 yaks (D:5)
  A water moccasin (D:7)
  A swamp drake (D:4)
  An ice beast (D:5)
  An ogre (D:7)
  A phantom (D:6)
  3 bullfrogs
  4 scorpions
  5 killer bees (D:7)
  3 jellies
  3 orc priests
  5 hounds
  3 iguanas (D:4)
  Ijyb (D:5)
  2 gnoll boudas
  A sleepcap (D:4)
  An orc wizard (D:7)
  8 mummies (Ossuary)
  Robin (D:2)
  14 gnolls
  4 adders
  3 white imps
  An ufetubus (D:4)
  A worm (D:2)
  3 dart slugs
  12 orcs
  2 bats (D:2)
  7 endoplasms
  3 giant cockroaches
  37 goblins
  31 hobgoblins
  2 quokkas
  5 ball pythons
  3 hobgoblin zombies (Ossuary)
  14 kobolds
  A kobold zombie (Ossuary)
  4 orc zombies (Ossuary)
  2 rats (D:1)
199 creatures vanquished.

Vanquished Creatures (collateral kills)
  An orc warrior (D:5)
  A gnoll sergeant (D:5)
  A scorpion (D:5)
  2 wights (D:5)
  An iguana (D:5)
6 creatures vanquished.

Vanquished Creatures (others)
  2 yaks (D:5)
2 creatures vanquished.

Grand Total: 207 creatures vanquished

Notes
Turn   | Place    | Note
-------+----------+-------------------------------------------
     0 | D:1      | Xavori the Djinni Chaos Knight began the quest for the Orb.
     0 | D:1      | Reached XP level 1. HP: 20/20 MP: 0/0
   275 | D:1      | XOM: silly message
   721 | D:1      | XOM: divination: magic mapping
   750 | D:1      | XOM: silly message
  1774 | D:1      | XOM: 1-stop teleportation journey
  2764 | D:1      | XOM: 1-stop teleportation journey
  2819 | D:1      | Found Alatafe's Armour Emporium.
  2885 | D:1      | XOM: give mutations
  2885 | D:1      | Gained mutation: You are frail. (-10% HP) [Xom's mischief]
  2885 | D:1      | Gained mutation: You are strong-willed. (Will+) [Xom's
                  | mischief]
  2885 | D:1      | Gained mutation: You are partially covered in iridescent
                  | scales. (AC +2) [Xom's mischief]
  2926 | D:1      | Found Coobamp's Assorted Antiques.
  2981 | D:1      | XOM is BORED!
  2981 | D:1      | XOM: torment (10/18 hp)
  2990 | D:1      | XOM: summons 1 hostile demon
  3436 | D:1      | Reached XP level 2. HP: 19/22 MP: 0/0
  3466 | D:1      | Found Unuepp's Antique Armour Shoppe.
  4142 | D:1      | XOM: give mutations
  4142 | D:1      | Gained mutation: Your muscles are strong. (Str +4, Int/Dex
                  | -1) [Xom's grace]
  4142 | D:1      | Gained mutation: You are agile. (Dex +4, Str/Int -1) [Xom's
                  | grace]
  4142 | D:1      | Gained mutation: You passively dampen the noise of your
                  | surroundings. [Xom's grace]
  4142 | D:1      | Lost mutation: You are frail. (-10% HP) [Xom's grace]
  4223 | D:1      | XOM: god gift: 39 gold pieces
  4858 | D:1      | XOM: scenery: 1 doors close
  6202 | D:1      | XOM: summons 2 hostile demons
  6203 | D:1      | Noticed a neqoxec
  6664 | D:1      | XOM: give mutations
  6664 | D:1      | Gained mutation: Your spells are a little easier to cast,
                  | but a little less powerful. [Xom's mischief]
  6664 | D:1      | Gained mutation: Your body sometimes deteriorates upon
                  | taking damage. [Xom's mischief]
  6664 | D:1      | Lost mutation: Your body sometimes deteriorates upon taking
                  | damage. [Xom's mischief]
  6970 | D:1      | XOM: god gift: 22 gold pieces
  7572 | D:1      | XOM: god gift: great sword {god gift}
  7809 | D:1      | XOM: scenery: 1 doors open
  8246 | D:1      | XOM: stat loss: -1 Int (10/11)
  9341 | D:1      | XOM: give mutations
  9341 | D:1      | Gained mutation: You occasionally shout uncontrollably at
                  | your foes. [Xom's mischief]
  9341 | D:1      | Gained mutation: You occasionally lose the ability to read
                  | scrolls when taking damage. [Xom's mischief]
  9395 | D:2      | Noticed Sigmund
  9397 | D:2      | XOM: fake destruction
  9408 | D:2      | Killed Sigmund
  9409 | D:2      | Reached skill level 3 in Long Blades
  9409 | D:2      | Reached skill level 1 in Stealth
  9409 | D:2      | Reached skill level 1 in Spellcasting
  9409 | D:2      | Reached skill level 1 in Conjurations
  9409 | D:2      | Reached skill level 1 in Hexes
  9409 | D:2      | Reached skill level 1 in Summonings
  9409 | D:2      | Reached skill level 1 in Necromancy
  9409 | D:2      | Reached skill level 1 in Translocations
  9409 | D:2      | Reached skill level 1 in Transmutations
  9409 | D:2      | Reached skill level 1 in Fire Magic
  9409 | D:2      | Reached skill level 1 in Ice Magic
  9409 | D:2      | Reached skill level 1 in Air Magic
  9409 | D:2      | Reached skill level 1 in Earth Magic
  9409 | D:2      | Reached skill level 1 in Poison Magic
  9409 | D:2      | Reached XP level 3. HP: 19/30 MP: 0/0
  9409 | D:2      | Learned a level 1 spell: Sting
  9409 | D:2      | Reached XP level 4. HP: 23/35 MP: 0/0
  9409 | D:2      | Reached XP level 5. HP: 26/40 MP: 0/0
  9409 | D:2      | Learned a level 2 spell: Blink
  9589 | D:2      | Noticed Robin
  9835 | D:1      | XOM: noise
  9978 | D:2      | Killed Robin
  9979 | D:2      | Reached XP level 6. HP: 45/46 MP: 0/0
 10097 | D:2      | XOM: 2-stop teleportation journey
 10120 | D:2      | Found a faded altar of an unknown god.
 10164 | D:2      | XOM: 5-stop teleportation journey
 10846 | D:3      | Found a sacrificial altar of Ru.
 10859 | D:3      | XOM: noise
 10987 | D:3      | XOM is BORED!
 10987 | D:3      | XOM: noise
 11358 | D:4      | XOM: chaos upgrade
 11391 | D:4      | XOM: confuse monster(s)
 11470 | D:4      | Reached skill level 4 in Long Blades
 11489 | D:4      | Found a glowing golden altar of the Shining One.
 11489 | D:4      | Found a burning altar of Makhleb.
 11489 | D:4      | Found a hide-covered altar of Uskayaw.
 11489 | D:4      | XOM: 7-stop teleportation journey
 11649 | D:4      | XOM: cloud trail
 11697 | D:4      | Reached XP level 7. HP: 22/50 MP: 0/0
 11697 | D:4      | Learned a level 3 spell: Vhi's Electric Charge
 11870 | D:4      | XOM: 1-stop teleportation journey
 11881 | D:4      | Found a staircase to the Ecumenical Temple.
 11908 | D:4      | XOM: polymorph gnoll -> iguana
 12139 | D:4      | Found a white marble altar of Elyvilon.
 12313 | D:4      | XOM: summons 3 hostile shadow creatures
 12557 | D:4      | XOM: stat loss: -1 Str (15/16)
 12718 | D:4      | XOM: chaos upgrade
 12785 | D:4      | Reached skill level 1 in Shields
 12911 | D:4      | XOM: silly message
 13062 | D:4      | XOM: polymorph gnoll -> swamp drake
 13067 | D:4      | XOM: noise
 13075 | D:4      | Reached skill level 5 in Long Blades
 13075 | D:4      | Reached XP level 8. HP: 58/58 MP: 0/0
 13144 | D:5      | Entered Level 5 of the Dungeon
 13414 | D:5      | Noticed Ijyb
 13423 | D:5      | Killed Ijyb
 13497 | D:5      | Noticed a yak
 13497 | D:5      | Noticed a yak
 13503 | D:5      | Noticed a yak
 13506 | D:5      | Noticed a yak
 13509 | D:5      | Noticed a yak
 13509 | D:5      | Noticed a yak
 13518 | D:5      | Killed a yak
 13528 | D:5      | Killed a yak
 13532 | D:5      | XOM: summons friendly white imp
 13536 | D:5      | Reached skill level 6 in Long Blades
 13546 | D:5      | Killed a yak
 13554 | D:5      | Killed a yak
 13554 | D:5      | Killed a yak
 13554 | D:5      | Killed a yak
 13554 | D:5      | XOM: divine lightning
 13555 | D:5      | Reached XP level 9. HP: 10/63 MP: 0/0
 13555 | D:5      | Learned a level 3 spell: Confusing Touch
 13635 | D:5      | Found a sand-covered staircase.
 13664 | Ossuary  | Entered an ossuary
 14067 | D:5      | Reached skill level 7 in Long Blades
 14179 | D:5      | XOM: divination: detect creatures
 14180 | D:5      | XOM: cast spell 'Summon Horrible Things'
 14252 | D:5      | Reached skill level 5 in Fighting
 14340 | D:5      | Found a basalt altar of Yredelemnul.
 14786 | D:5      | XOM: divination: magic mapping
 14800 | D:6      | XOM: give mutation
 14800 | D:6      | Gained mutation: You are partially covered in large bone
                  | plates. (SH +4) [Xom's grace]
 14812 | D:6      | Reached skill level 5 in Dodging
 14817 | D:6      | XOM: 3-stop teleportation journey
 14932 | D:6      | XOM: enchant monster (bad)
 14957 | D:6      | XOM: summons friendly shadow imp
 15398 | D:6      | XOM: divination: magic mapping
 15506 | D:6      | XOM: 6-stop teleportation journey
 15608 | D:6      | XOM: silly message
 15824 | D:7      | Found a sparkling altar of Nemelex Xobeh.
 15869 | D:7      | Reached XP level 10. HP: 49/70 MP: 0/0
 16028 | D:7      | XOM: scenery: summon butterflies
 16042 | D:7      | XOM: 4-stop teleportation journey
 16222 | D:7      | XOM: scenery: summon butterflies
 16229 | D:7      | Reached skill level 8 in Long Blades
 16615 | D:7      | HP: 1/70 [wight/+2 mace (10)]
 16617 | D:7      | Mangled by a wight

Illustrated notes

Levels and vault maps discovered:
D:1:      ebering_hopf_link, layout_basic, serial_shops, nicolae_shop_crystal,
          shop, nicolae_shop_trees
D:2:      layout_basic, shapermc_ecumenical_altar_totnotflames,
          minmay_misc_feat_nine_boxes, uniq_robin, uniq_sigmund
D:3:      layout_basic, mainiacjoe_overflow_concentric_impassable,
          kennysheep_generic_room_14
D:4:      minmay_goblin_kobold_castle, layout_basic,
          nicolae_elyvilon_peaceful_grove, gammafunk_temple_overflow_forgotten,
          temple_fountains
D:5:      layout_loops_corners, mainiacjoe_overflow_alcove_1,
          nicolae_ossuary_entry_false_entrances, sword_in_stone, uniq_ijyb
D:6:      layout_rooms
D:7:      layout_basic, mainiacjoe_overflow_boulevard, uniq_crazy_yiuf_cottage

Skill      XL: |  1  2  3  4  5  6  7  8  9 10 |
---------------+-------------------------------+-----
Long Blades    | 3 4 5 6 7 8 |  8.1
Armour         | 3 4 |  4.1
Stealth        | 1 2 |  2.8
Spellcasting   | 1 2 3 |  3.4
Conjurations   | 1 2 3 |  3.4
Hexes          | 1 2 3 |  3.4
Summonings     | 1 2 3 |  3.4
Necromancy     | 1 2 3 |  3.4
Translocations | 1 2 3 |  3.4
Transmutations | 1 2 3 |  3.4
Fire Magic     | 1 2 3 |  3.4
Ice Magic      | 1 2 3 |  3.4
Air Magic      | 1 2 3 |  3.4
Earth Magic    | 1 2 3 |  3.4
Poison Magic   | 1 2 3 |  3.4
Dodging        | 3 4 5 |  5.6
Shields        | 1 3 |  3.8
Fighting       | 4 5 |  5.4

Action                     |  1- 3 |  4- 6 |  7- 9 | 10-12 || total
---------------------------+-------+-------+-------+-------++-------
  Melee: Falchion          |    46 |   162 |   628 |    85 ||   921
         Punch             |       |     2 |       |       ||     2
    Use: Scroll            |     1 |     9 |     2 |       ||    12
         Potion            |       |       |     2 |     2 ||     4
   Stab: Sleeping          |     1 |     3 |     1 |       ||     5
         Confused          |       |       |     1 |       ||     1
         Distracted        |       |       |     1 |       ||     1
 Armour: Leather armour    |    11 |    88 |   256 |    19 ||   374
  Dodge: Dodged            |    33 |   129 |   356 |    57 ||   575
  Block: Buckler           |       |    17 |   193 |    49 ||   259

Table legend: (Time is in decaauts)
 A = Elapsed time spent in this place.
 B = Non-inter-level travel time spent in this place.
 C = Inter-level travel time spent in this place.
 D = Time resting spent in this place.
 E = Time spent auto-exploring this place.
 F = Levels seen in this place.
 G = Mean time per level.
                   A        B        C        D        E       F      G
               +--------+--------+--------+--------+--------+-----+--------+
         Total |  16635 |  16465 |    170 |  10024 |   4568 |   8 | 2079.4 |
       Dungeon |  16304 |  16134 |    170 |  10019 |   4374 |   7 | 2329.1 |
       Ossuary |    331 |    331 |      0 |      5 |    194 |   1 |  331.0 |
               +--------+--------+--------+--------+--------+-----+--------+

Top non-repeatable levels by time:
     D:1: 9298 daAuts
     D:4: 1801 daAuts
     D:5: 1674 daAuts
     D:2: 1463 daAuts
     D:7: 792 daAuts
     D:3: 642 daAuts
     D:6: 631 daAuts
 Ossuary: 331 daAuts
